Map: [TLMC19] Silverflame

Players

Harstem

  • Race: Protoss Protoss
  • League: Master
  • Spawn Location: 11:00

DKZherO (herO) - Winner!

  • Race: Protoss Protoss
  • Spawn Location: 5:00

VOD

Have the link to the VOD?

Description

Time

  • Played on: Dec. 21, 2023, 7:52 a.m.
  • Length: 5:53
Show
View Real Time Build Order
Export as new Build Order

Harstem Protoss 

Build Orders: Oracle Opening 

Get SALT Encoding   

  12  0:00  Probe  
  13  0:12  Probe  
  14  0:17  Pylon  
  14  0:25  Probe (Chrono Boost)  
  15  0:37  Gateway, Probe (Chrono Boost)  
  16  0:45  Probe (Chrono Boost)  
  16  0:47  Assimilator  
  17  0:51  Probe  
  17  0:55  Assimilator  
  18  1:03  Probe (Chrono Boost)  
  19  1:08  Gateway  
  19  1:12  Probe (Chrono Boost)  
  19  1:17  Probe (Chrono Boost)  
  20  1:25  Cybernetics Core  
  21  1:30  Probe  
  22  1:43  Probe  
  22  1:44  Pylon  
  23  2:02  Stargate  
  23  2:03  Warp Gate  
  23  2:07  Adept  
  25  2:14  Stalker  
  27  2:17  Probe  
  28  2:25  Pylon  
  28  2:34  Probe  
  29  2:43  Oracle (Chrono Boost)  
  29  2:48  Stalker  
  35  3:03  Shield Battery  
  34  3:11  Probe  
  35  3:14  Oracle (Chrono Boost)  
  37  3:31  Shield Battery, Pylon  
  36  3:36  Robotics Facility  
  36  3:41  Shield Battery  
  36  3:46  Pylon  
  36  3:55  Stalker, Zealot  
  40  4:13  Probe  
  40  4:16  Stalker  
  43  4:22  Stalker  
  43  4:23  Immortal (Chrono Boost)  
  45  4:29  Probe  
  46  4:43  Stalker, Probe  
  49  4:52  Pylon  
  49  4:54  Stalker  
  46  5:13  Immortal  
  50  5:23  Stalker  
Show
View Real Time Build Order
Export as new Build Order

DKZherO Protoss - Winner!

Build Orders:  

Get SALT Encoding   

  12  0:00  Probe  
  13  0:12  Probe  
  14  0:17  Pylon  
  14  0:24  Probe (Chrono Boost)  
  15  0:36  Probe (Chrono Boost)  
  15  0:37  Gateway  
  16  0:44  Probe (Chrono Boost)  
  16  0:46  Assimilator  
  17  0:51  Probe  
  17  0:56  Assimilator  
  18  1:03  Probe (Chrono Boost)  
  19  1:08  Gateway  
  19  1:13  Probe (Chrono Boost)  
  19  1:18  Probe (Chrono Boost)  
  20  1:24  Cybernetics Core  
  21  1:29  Probe  
  22  1:36  Pylon  
  22  1:41  Probe  
  23  1:54  Probe  
  23  2:01  Adept x2, Warp Gate  
  28  2:10  Pylon  
  28  2:15  Robotics Facility  
  28  2:31  Stalker x2  
  32  2:45  Pylon  
  32  2:58  Shield Battery  
  32  2:59  Immortal (Chrono Boost)  
  35  3:09  Stalker  
  35  3:11  Stalker  
  39  3:21  Pylon  
  39  3:33  Warp Prism (Chrono Boost)  
  40  3:52  Probe  
  39  3:57  Stalker x2  
  43  4:07  Observer  
  43  4:08  Probe  
  45  4:22  Stalker x2  
  43  4:48  Stalker x2  
  47  4:56  Pylon  
  45  5:06  Probe  
  46  5:12  Adept x2  
  50  5:18  Probe  
  49  5:30  Probe  
Tags
 
Add a new tag
Caveats
  • Supply blocks, unpowered buildings, or Contaminate may cause inaccurate times.
  • Supply counts are checked every 10 seconds.